[Event "Titled Tuesday Blitz November 9 2021"]
[White "Svane, Frederik"]
[Black "Piesik, Piotr"]
[WhiteFideId "12923044"]
[BlackFideId "1136194"]
[WhiteElo "2459"]
[BlackElo "2336"]
[Result "1-0"]
[Round "03"]
[TimeControl "180+1"]
[Date "2021.11.09"]
[WhiteClock "0:00:47"]
[BlackClock "0:01:26"]

1. e4 g6 2. d4 Bg7 3. Nf3 c6 4. Bd3 d5 5. exd5 cxd5 6. O-O Nc6 7. c3 Bf5 8. Bxf5 gxf5 9. Re1 e6 10. Na3 Nf6 11. Bg5 O-O 12. Nc2 Qb6 13. Rb1 Ne4 14. Bf4 Kh8 15. Ne3 Rg8 16. g3 Bf6 17. a4 a5 18. Nd2 Qd8 19. Rc1 Ne7 20. Nxe4 fxe4 21. Ng4 Bg7 22. Be5 Nf5 23. c4 Rc8 24. cxd5 exd5 25. Rxc8 Qxc8 26. Nf6 Bxf6 27. Bxf6+ Ng7 28. Qh5 Qe6 29. Qg5 Qh3 30. Qxd5 e3 31. Rxe3 Rc8 32. Qe5 Rc1+ 33. Re1 Rxe1+ 34. Qxe1 Kg8 35. Qe5 1-0


[Site "https://www.chess.com"]

[Event "Titled Tuesday Blitz November 9 2021"]
[White "Tanenbaum, Zachary"]
[Black "Makhnev, Denis"]
[WhiteFideId "2060850"]
[BlackFideId "13707647"]
[WhiteElo "2168"]
[BlackElo "2537"]
[Result "0-1"]
[Round "03"]
[TimeControl "180+1"]
[Date "2021.11.09"]
[WhiteClock "0:00:01"]
[BlackClock "0:00:20"]

1. e4 c5 2. Nf3 d6 3. d4 cxd4 4. Nxd4 Nf6 5. Nc3 a6 6. Be3 e5 7. Nb3 Be6 8. h3 Be7 9. f4 exf4 10. Bxf4 Nc6 11. Qe2 Nd7 12. O-O-O Nde5 13. Kb1 O-O 14. Qe3 Re8 15. g4 Bf8 16. g5 Rc8 17. h4 b5 18. Qg3 Nc4 19. Bxc4 bxc4 20. Nd4 Nxd4 21. Rxd4 Qb6 22. Rhd1 Rb8 23. Bc1 g6 24. h5 gxh5 25. Ka1 Qb7 26. Rh1 Bg7 27. Rxd6 Bg4 28. Re1 Be5 29. Rd7 Bxg3 30. Rxb7 Rxb7 31. Rf1 Be6 0-1


[Site "https://www.chess.com"]

[Event "Titled Tuesday Blitz November 9 2021"]
[White "Tari, Aryan"]
[Black "Wagh Suyog"]
[WhiteFideId "1510045"]
[BlackFideId "25071688"]
[WhiteElo "2656"]
[BlackElo "2219"]
[Result "1-0"]
[Round "03"]
[TimeControl "180+1"]
[Date "2021.11.09"]
[WhiteClock "0:00:21"]
[BlackClock "0:00:03"]

1. d4 e6 2. c3 Nf6 3. Nf3 b6 4. Bf4 Bb7 5. e3 d6 6. h3 Nbd7 7. Bh2 Qe7 8. Be2 e5 9. O-O g6 10. a4 a6 11. a5 b5 12. c4 bxc4 13. Bxc4 Bg7 14. Nbd2 O-O 15. Qa4 Rab8 16. Rfc1 Rfe8 17. Bf1 c5 18. dxe5 dxe5 19. e4 Rec8 20. Bc4 Bc6 21. Qc2 Bb5 22. b3 Nh5 23. Nf1 Nf4 24. Ne3 Ne6 25. Nd5 Qe8 26. Bxb5 Rxb5 27. Qd3 Rcb8 28. Rc3 Qd8 29. Rd1 Qxa5 30. Ne7+ Kf8 31. Nc6 Qc7 32. Qxd7 Qxd7 33. Rxd7 Rxb3 34. Rxb3 Rxb3 35. Bxe5 c4 36. Nfd4 Rb1+ 37. Kh2 Bxe5+ 38. Nxe5 Nxd4 39. Rxd4 c3 40. Rc4 Rc1 41. Nd3 Rc2 42. Nb4 Rxf2 43. Rxc3 a5 44. Nd5 Re2 45. Rc4 Kg7 46. Ra4 h5 47. Kg3 Rd2 48. Rxa5 Rd4 49. Kf3 Rd3+ 50. Ne3 Rd6 51. g4 hxg4+ 52. hxg4 Rf6+ 53. Kg3 Re6 54. e5 f6 55. exf6+ Kxf6 56. Kf4 1-0


[Site "https://www.chess.com"]

[Event "Titled Tuesday Blitz November 9 2021"]
[White "Terry, Renato"]
[Black "Gaehwiler, Gabriel"]
[WhiteFideId "3803457"]
[BlackFideId "1314530"]
[WhiteElo "2577"]
[BlackElo "2320"]
[Result "0-1"]
[Round "03"]
[TimeControl "180+1"]
[Date "2021.11.09"]
[WhiteClock "0:00:05"]
[BlackClock "0:00:15"]

1. e4 c5 2. Nf3 d6 3. Bb5+ Bd7 4. Bxd7+ Qxd7 5. O-O Nc6 6. c3 Nf6 7. d4 cxd4 8. cxd4 d5 9. e5 Ne4 10. Be3 e6 11. Ne1 f6 12. f3 Ng5 13. Nd3 Nf7 14. f4 Be7 15. Nc3 O-O 16. exf6 Bxf6 17. Ne5 Qe7 18. Qd3 Nd6 19. Rae1 Rae8 20. Bf2 Qc7 21. Re2 Nb4 22. Qh3 Nf5 23. g4 Nd6 24. a3 Nc6 25. Nf3 Qf7 26. Rfe1 Bd8 27. Bg3 Nc4 28. b3 Nxa3 29. Ra1 Be7 30. Rea2 Bb4 31. Ne2 Nb5 32. Rd1 Bd6 33. Rad2 Bc7 34. Rd3 Bb6 35. Kh1 h6 36. Qg2 Qg6 37. h3 Qe4 38. R1d2 Nb4 39. Nc1 Nxd3 40. Nxd3 Nxd4 41. Nxd4 Qxg2+ 42. Kxg2 Bxd4 43. Re2 Kf7 44. Ne1 Rc8 45. Nf3 Bf6 46. g5 Bd8 47. Ne5+ Kg8 48. Ng6 Re8 49. f5 Bxg5 50. h4 Bf6 51. fxe6 Rc6 52. Nf4 d4 53. Kf3 d3 54. Rd2 Rexe6 55. Nxe6 Rxe6 56. Rxd3 Kf7 57. h5 Ke8 58. Kg4 Be7 59. Kf5 Rf6+ 60. Kg4 Rb6 61. Re3 Kf7 62. Rf3+ Bf6 63. Rd3 Ke6 64. Re3+ Kd7 65. Kf5 Rb5+ 66. Kg4 Rg5+ 67. Kf3 Rxh5 68. Rd3+ Ke8 69. Re3+ Kf7 70. Rd3 Rb5 71. Bf2 a5 72. Kg4 Kg6 73. Kf4 h5 74. Ke4 Rb4+ 75. Kd5 a4 76. bxa4 Rxa4 77. Ke6 Re4+ 78. Kd5 Rg4 79. Kd6 h4 80. Ke6 Re4+ 81. Kd5 Rf4 82. Be1 Kf5 83. Rb3 Rd4+ 84. Kc5 Re4 85. Bf2 g5 86. Rxb7 Re2 87. Bg1 h3 88. Kc4 h2 89. Rb5+ Kg6 90. Bxh2 Rxh2 91. Kd3 Rh4 92. Ke3 Rf4 93. Ra5 Rf5 94. Ra8 Bg7 95. Ke4 Rf4+ 96. Ke3 Rf7 97. Ke4 Re7+ 98. Kf3 Kf5 99. Ra5+ Be5 100. Ra4 Rc7 101. Kg2 g4 102. Ra2 Rc3 103. Rf2+ Kg5 104. Re2 Kf4 105. Ra2 Rg3+ 106. Kf2 Rd3 107. Kg2 Kf5 108. Rf2+ Bf4 109. Ra2 Rd2+ 110. Rxd2 Bxd2 111. Kf2 Bf4 0-1


[Site "https://www.chess.com"]

[Event "Titled Tuesday Blitz November 9 2021"]
[White "Vakhlamov, Igor L."]
[Black "Grischuk, Alexander"]
[WhiteFideId "24126748"]
[BlackFideId "4126025"]
[WhiteElo "2416"]
[BlackElo "2757"]
[Result "0-1"]
[Round "03"]
[TimeControl "180+1"]
[Date "2021.11.09"]
[WhiteClock "0:00:12"]
[BlackClock "0:00:09"]

1. e4 c6 2. Nc3 d5 3. Nf3 Bg4 4. h3 Bxf3 5. Qxf3 e6 6. d4 Nf6 7. Bd3 dxe4 8. Nxe4 Qxd4 9. c3 Qd8 10. O-O Nbd7 11. Bf4 Nxe4 12. Bxe4 Be7 13. Rad1 Qc8 14. Rd2 Nf6 15. Bc2 O-O 16. Rfd1 Rd8 17. g4 Rxd2 18. Rxd2 Qe8 19. c4 Rd8 20. g5 Rxd2 21. Bxd2 Nd7 22. h4 g6 23. a3 Qd8 24. Bc3 Bf8 25. Qe3 Bg7 26. Bxg7 Kxg7 27. Qxa7 Qc7 28. Qd4+ Kg8 29. b4 c5 30. Qe4 cxb4 31. axb4 b6 32. Bd3 Qd6 33. Qa8+ Kg7 34. Qa3 Qd4 35. Be2 Ne5 36. Qe3 Qxe3 37. fxe3 Nc6 38. b5 Ne5 39. Kf2 h6 40. e4 hxg5 41. hxg5 Kf8 42. Ke3 Ke7 43. Kd4 Kd6 44. Bd1 Nd7 45. Be2 e5+ 46. Kd3 f6 47. gxf6 Nxf6 48. Ke3 Kc5 49. Kd3 Ne8 50. Kc3 Nd6 51. Bd3 g5 52. Kd2 Nxc4+ 53. Ke2 Kxb5 54. Kf3 Kc5 55. Kg4 Kd4 56. Bc2 Ne3+ 57. Kxg5 Nxc2 58. Kf5 b5 59. Ke6 b4 60. Kd6 b3 61. Kc6 b2 62. Kb5 b1=Q+ 63. Kc6 Kxe4 64. Kd6 Qb6+ 0-1


[Site "https://www.chess.com"]

[Event "Titled Tuesday Blitz November 9 2021"]
[White "Vasquez Schroeder, Rodrigo"]
[Black "Kretov, Evgenij"]
[WhiteFideId "3400042"]
[BlackFideId "4167821"]
[WhiteElo "2568"]
[BlackElo "2303"]
[Result "1-0"]
[Round "03"]
[TimeControl "180+1"]
[Date "2021.11.09"]
[WhiteClock "0:00:20"]
[BlackClock "0:00:13"]

1. d4 Nf6 2. c4 c5 3. d5 e5 4. Nc3 d6 5. e4 Be7 6. Nge2 O-O 7. g3 Ne8 8. h4 Nd7 9. Bh3 g6 10. h5 Bg5 11. hxg6 hxg6 12. Bd2 Kg7 13. Kf1 Rh8 14. Kg2 Bxd2 15. Qxd2 Nef6 16. Bxd7 Bxd7 17. Rxh8 Qxh8 18. Rh1 Nh5 19. f3 Qc8 20. g4 Bxg4 21. fxg4 Qxg4+ 22. Kf2 f5 23. exf5 Rf8 24. b3 Rxf5+ 25. Ke1 Nf4 26. Kd1 Qf3 27. Rg1 Nh3 28. Rg3 Qh1+ 29. Kc2 e4 30. Qe3 Nf2 31. Rg1 Qh2 32. Qg3 Qh5 33. Nf4 Rxf4 34. Qxf4 Nh3 35. Qg3 Nxg1 36. Qxg1 Qf3 37. Qe1 e3 38. Kd3 e2+ 39. Kd2 Qf4+ 40. Kxe2 g5 41. Qf2 Qc1 42. Qe3 Qc2+ 43. Kf3 Kh6 44. Ne4 Qd1+ 45. Kg3 Qh5 46. Nxd6 Qh3+ 47. Kxh3 1-0


[Site "https://www.chess.com"]

[Event "Titled Tuesday Blitz November 9 2021"]
[White "Weetik, Vjacheslav"]
[Black "Sjugirov, Sanan"]
[WhiteFideId "4153472"]
[BlackFideId "4189302"]
[WhiteElo "2469"]
[BlackElo "2653"]
[Result "0-1"]
[Round "03"]
[TimeControl "180+1"]
[Date "2021.11.09"]
[WhiteClock "0:00:01"]
[BlackClock "0:00:02"]

1. d4 Nf6 2. Bf4 e6 3. e3 c5 4. Nd2 cxd4 5. exd4 b6 6. Ngf3 Bb7 7. Bd3 Be7 8. O-O d6 9. h3 O-O 10. Re1 Nbd7 11. a4 a6 12. c3 Re8 13. Bh2 Qc7 14. Nc4 Bf8 15. Bf1 Bc6 16. Ne3 Qb7 17. Nd2 g6 18. Ndc4 Qc7 19. Rc1 b5 20. axb5 axb5 21. Na3 Qb7 22. Nac2 Nb6 23. Nb4 Bd7 24. Be2 Qc7 25. b3 Qd8 26. Bd3 Rc8 27. Qe2 d5 28. Be5 h5 29. Qf3 Nh7 30. g4 h4 31. Na6 Bc6 32. b4 Nd7 33. Bh2 Ng5 34. Qg2 e5 35. Nc5 e4 36. Be2 Nb6 37. f4 exf3 38. Bxf3 Bd6 39. Bxd6 Qxd6 40. Nd3 Nd7 41. Nc2 Kg7 42. Rxe8 Rxe8 43. Re1 Rxe1+ 44. Ncxe1 Qf6 45. Be2 Nb6 46. Nf3 Nc4 47. Nxg5 Qxg5 48. Qf2 Nd2 49. Qf4 Qxf4 50. Nxf4 Ne4 51. Bf3 Nxc3 52. Kf2 Na2 53. Bxd5 Nxb4 54. Bxc6 Nxc6 55. Ke3 b4 56. d5 Ne5 57. Kd4 f6 58. Ne2 Kf7 59. Kc5 Nd3+ 60. Kc4 Nf2 0-1


[Site "https://www.chess.com"]

[Event "Titled Tuesday Blitz November 9 2021"]
[White "Yaksin, Oleg"]
[Black "Bok, Benjamin"]
[WhiteFideId "24105880"]
[BlackFideId "1017063"]
[WhiteElo "2256"]
[BlackElo "2658"]
[Result "0-1"]
[Round "03"]
[TimeControl "180+1"]
[Date "2021.11.09"]
[WhiteClock "0:00:10"]
[BlackClock "0:00:32"]

1. d4 Nf6 2. c4 e6 3. g3 c5 4. d5 exd5 5. cxd5 d6 6. Nc3 g6 7. Bg2 Bg7 8. Nf3 O-O 9. O-O Re8 10. Bf4 h6 11. Qc1 g5 12. Be3 Bf5 13. h4 g4 14. Nd2 Rxe3 15. fxe3 Bg6 16. Kh2 Qe7 17. e4 Nh5 18. Nc4 Nd7 19. Qe3 Rb8 20. a4 Ne5 21. Nd2 a6 22. a5 b5 23. Nd1 Nc4 24. Nxc4 bxc4 25. Kh1 Rb3 26. Nc3 Be5 27. Qxh6 Rxb2 28. Rac1 Nxg3+ 29. Kg1 Bxc3 30. Rxc3 Nxe2+ 31. Kh1 Nxc3 32. h5 Qh4+ 33. Kg1 Rxg2+ 34. Kxg2 Bxe4+ 35. Kg1 Qg3# 0-1


[Site "https://www.chess.com"]

[Event "Titled Tuesday Blitz November 9 2021"]
[White "Zhigalko, Sergei"]
[Black "Preotu, Razvan"]
[WhiteFideId "13502956"]
[BlackFideId "2613280"]
[WhiteElo "2662"]
[BlackElo "2407"]
[Result "0-1"]
[Round "03"]
[TimeControl "180+1"]
[Date "2021.11.09"]
[WhiteClock "0:00:03"]
[BlackClock "0:00:25"]

1. e4 c5 2. Nf3 d6 3. d4 cxd4 4. Qxd4 Nc6 5. Bb5 Bd7 6. Bxc6 Bxc6 7. Nc3 Nf6 8. Bg5 e6 9. O-O-O Be7 10. Rhe1 O-O 11. Kb1 h6 12. Bh4 b5 13. Bxf6 Bxf6 14. Qxd6 Qb6 15. Ne5 Bxe5 16. Qxe5 b4 17. Ne2 Qxf2 18. Nf4 Kh7 19. Nh5 Rg8 20. Rf1 Qe2 21. Rde1 Qd2 22. Rd1 Qg5 23. Qxg5 hxg5 24. Rxf7 Kg6 25. Rc7 Bxe4 26. g4 Rac8 27. Rdd7 Rxc7 28. Rxc7 Bf3 29. Rc4 Rd8 30. b3 e5 31. Rxb4 e4 32. h3 e3 33. Ng3 Rh8 34. Ra4 Rxh3 35. Ra6+ Kh7 36. Nf5 e2 37. Re6 Rh1+ 38. Kb2 e1=Q 39. Rxe1 Rxe1 40. c4 Bxg4 41. Nd4 Bd7 42. b4 g4 43. c5 g3 44. c6 Bxc6 45. Nxc6 g2 46. b5 g1=Q 0-1


[Site "https://www.chess.com"]

[Event "Titled Tuesday Blitz November 9 2021"]
[White "Ahmadzada, Ahmad"]
[Black "Lovkov, Roman"]
[WhiteFideId "13413007"]
[BlackFideId "4157389"]
[WhiteElo "2226"]
[BlackElo "2371"]
[Result "1-0"]
[Round "04"]
[TimeControl "180+1"]
[Date "2021.11.09"]
[WhiteClock "0:00:44"]
[BlackClock "0:00:08"]

1. e4 c5 2. Nf3 d6 3. Nc3 Nf6 4. e5 dxe5 5. Nxe5 e6 6. g3 Nbd7 7. Nc4 Nb6 8. Ne3 Bd7 9. Bg2 Qc7 10. O-O Bc6 11. d3 Be7 12. a4 O-O 13. a5 Nbd7 14. Nc4 Bxg2 15. Kxg2 b6 16. Qf3 Rac8 17. Bf4 Qd8 18. Nb5 a6 19. Na7 b5 20. Nxc8 Qxc8 21. Bd6 bxc4 22. Bxe7 Ne5 23. Qe2 Qb7+ 24. f3 Qxe7 25. Qxe5 cxd3 26. cxd3 Rd8 27. Rac1 Nd5 28. Rf2 h6 29. Rd2 Rc8 30. b3 Qb7 31. d4 Qb4 32. Qe2 Qxa5 33. Rdc2 Rb8 34. Rxc5 Qa3 35. Rc8+ Rxc8 36. Rxc8+ Kh7 37. Qe4+ f5 38. Qxe6 Qb2+ 39. Kh3 1-0


[Site "https://www.chess.com"]

[Event "Titled Tuesday Blitz November 9 2021"]
[White "Al-Tarboush, Ward"]
[Black "Svane, Rasmus"]
[WhiteFideId "7601450"]
[BlackFideId "4657101"]
[WhiteElo "2276"]
[BlackElo "2643"]
[Result "0-1"]
[Round "04"]
[TimeControl "180+1"]
[Date "2021.11.09"]
[WhiteClock "0:00:02"]
[BlackClock "0:01:05"]

1. d4 Nf6 2. Nf3 d5 3. Nc3 c6 4. Bg5 h6 5. Bxf6 exf6 6. e4 dxe4 7. Nxe4 f5 8. Nc3 Bd6 9. Qe2+ Be6 10. d5 cxd5 11. Nd4 Qe7 12. O-O-O O-O 13. Ndb5 Rd8 14. Nxd6 Qxd6 15. Qd2 Nc6 16. Nb5 Qc5 17. Nd4 Rac8 18. c3 a6 19. Kb1 b5 20. Nb3 Qb6 21. Qe3 d4 22. Nxd4 b4 23. Bxa6 bxc3 24. Qxc3 Bxa2+ 25. Ka1 Qxa6 26. Nxc6 Bb3+ 27. Kb1 Qa2+ 0-1


[Site "https://www.chess.com"]

[Event "Titled Tuesday Blitz November 9 2021"]
[White "Atakishiyev, Elmar"]
[Black "Kovalenko, Igor"]
[WhiteFideId "13410547"]
[BlackFideId "14117908"]
[WhiteElo "2088"]
[BlackElo "2629"]
[Result "0-1"]
[Round "04"]
[TimeControl "180+1"]
[Date "2021.11.09"]
[WhiteClock "0:00:20"]
[BlackClock "0:01:11"]

1. Nf3 d5 2. g3 Nd7 3. c4 dxc4 4. Qa4 Nf6 5. Qxc4 a6 6. Bg2 b5 7. Qc2 Bb7 8. O-O c5 9. d3 e6 10. a4 Be7 11. Na3 Qb6 12. Bf4 O-O 13. Rfc1 Rfc8 14. h4 h6 15. Qd2 Bf8 16. Rc2 Nd5 17. Rac1 Nxf4 18. Qxf4 Rab8 19. h5 Nf6 20. g4 Bd6 21. Qd2 Nxg4 22. e3 Nf6 23. e4 Nxh5 24. e5 Be7 25. Kh1 Bxf3 26. Bxf3 Bg5 27. Qe1 Nf4 28. Be4 Nh3 29. Rd1 c4 30. dxc4 b4 31. Nb1 Qc5 32. b3 Rd8 33. Kh2 Rxd1 34. Qxd1 Qxe5+ 35. Kxh3 Qxe4 36. Re2 Qf3+ 37. Kh2 Rd8 0-1


[Site "https://www.chess.com"]

[Event "Titled Tuesday Blitz November 9 2021"]
[White "Babazada, Khazar"]
[Black "Matinian, Nikita"]
[WhiteFideId "13413554"]
[BlackFideId "24129100"]
[WhiteElo "2302"]
[BlackElo "2422"]
[Result "1-0"]
[Round "04"]
[TimeControl "180+1"]
[Date "2021.11.09"]
[WhiteClock "0:00:35"]
[BlackClock "0:00:29"]

1. e4 e5 2. Nf3 Nc6 3. Bb5 a6 4. Ba4 Nf6 5. O-O Be7 6. Re1 b5 7. Bb3 d6 8. h3 O-O 9. c3 Nb8 10. d4 Nbd7 11. a4 bxa4 12. Bxa4 Bb7 13. d5 Nc5 14. Bc2 a5 15. Nbd2 a4 16. Nf1 c6 17. c4 cxd5 18. exd5 g6 19. Ra3 Re8 20. Ng3 Bf8 21. Be3 Qb6 22. Qa1 Qb4 23. Bxc5 Qxc5 24. Nd2 Bxd5 25. Bxa4 Bc6 26. Nde4 Nxe4 27. Nxe4 Bxe4 28. Bxe8 Rxe8 29. Rxe4 d5 30. Ra5 dxe4 31. Rxc5 Bxc5 32. Qb1 e3 33. fxe3 Bxe3+ 34. Kf1 e4 35. b4 Bf4 36. c5 e3 37. Ke2 Rd8 38. Kf3 Bg5 39. c6 Rd2 40. c7 Rf2+ 41. Ke4 f5+ 42. Kd5 Rd2+ 43. Ke6 e2 44. c8=Q+ Kg7 45. Qa1+ Kh6 46. Qf8+ Kh5 47. g4+ fxg4 48. hxg4+ Kxg4 49. Qg1+ Kh5 50. Qf3+ Kh6 51. Qh2+ Kg7 52. Qe5+ Kh6 53. Qh3+ 1-0


[Site "https://www.chess.com"]

[Event "Titled Tuesday Blitz November 9 2021"]
[White "Bok, Benjamin"]
[Black "Madaminov, Mukhiddin"]
[WhiteFideId "1017063"]
[BlackFideId "14210703"]
[WhiteElo "2658"]
[BlackElo "1855"]
[Result "0-1"]
[Round "04"]
[TimeControl "180+1"]
[Date "2021.11.09"]
[WhiteClock "0:00:02"]
[BlackClock "0:01:13"]

1. Nf3 Nf6 2. c4 e6 3. g3 b6 4. Bg2 Bb7 5. O-O Be7 6. Nc3 O-O 7. Re1 d5 8. cxd5 Nxd5 9. e4 Nxc3 10. bxc3 c5 11. d4 cxd4 12. cxd4 Nd7 13. Bf4 Rc8 14. d5 exd5 15. exd5 Bf6 16. Rb1 Re8 17. Rxe8+ Qxe8 18. Nd4 Be5 19. Be3 Nf6 20. Nc6 Nxd5 21. Nxe5 Nxe3 22. fxe3 Bxg2 23. Qd7 Qxd7 24. Nxd7 Be4 25. Rb4 f5 26. Rd4 Kf7 27. Ne5+ Ke6 28. Nc4 b5 29. Nd2 Rc1+ 30. Kf2 Rc2 31. a3 Ra2 32. Ke1 Rxa3 33. Nxe4 Rxe3+ 34. Kd2 Rxe4 35. Rd8 a5 36. Ra8 a4 37. Ra7 Kf6 38. Ra6+ Re6 39. Ra5 Re5 40. Ra6+ Kg5 41. Ra7 Kh6 42. Kc3 Re4 43. Rb7 b4+ 44. Kd3 a3 45. Ra7 g5 0-1


[Site "https://www.chess.com"]

[Event "Titled Tuesday Blitz November 9 2021"]
[White "Bortnyk, Mykola"]
[Black "Rustemov, Alexander"]
[WhiteFideId "14120836"]
[BlackFideId "4119002"]
[WhiteElo "2582"]
[BlackElo "2791"]
[Result "1-0"]
[Round "04"]
[TimeControl "180+1"]
[Date "2021.11.09"]
[WhiteClock "0:00:23"]
[BlackClock "0:00:06"]

1. e4 e6 2. d4 d5 3. Nc3 dxe4 4. Nxe4 Bd7 5. Nf3 Bc6 6. Bd3 Nd7 7. O-O Ngf6 8. Ng3 Be7 9. c4 O-O 10. Bf4 Bxf3 11. Qxf3 c6 12. Rad1 Qb6 13. b3 Rfe8 14. Bb1 Rad8 15. h4 c5 16. d5 exd5 17. cxd5 Bd6 18. Nf5 Bxf4 19. Qxf4 g6 20. Nd6 Re7 21. Nc4 Qb4 22. Qc7 Rde8 23. Qg3 Ne5 24. Nd6 Rd8 25. Nf5 Ree8 26. d6 Nh5 27. Ne7+ Kg7 28. Qxe5+ f6 29. Qh2 Nf4 30. Kh1 Ne6 31. Qg3 Nd4 32. Rfe1 Qb6 33. Bxg6 Qxd6 34. Bxe8+ 1-0


[Site "https://www.chess.com"]

[Event "Titled Tuesday Blitz November 9 2021"]
[White "Dzhumagaliev, Yan"]
[Black "Siva Mahadevan"]
[WhiteFideId "24100110"]
[BlackFideId "25043153"]
[WhiteElo "2507"]
[BlackElo "2203"]
[Result "1/2-1/2"]
[Round "04"]
[TimeControl "180+1"]
[Date "2021.11.09"]
[WhiteClock "0:00:13"]
[BlackClock "0:00:21"]

1. Nf3 Nf6 2. h4 g6 3. d4 d6 4. c4 Bg7 5. Nc3 Bg4 6. Qb3 Qc8 7. Bg5 Nc6 8. d5 Nb8 9. Nd2 Na6 10. e4 Nc5 11. Qc2 a5 12. f3 Bd7 13. Be3 b6 14. Nb3 a4 15. Nd4 e5 16. dxe6 Nxe6 17. Rd1 h5 18. Nd5 Nxd5 19. cxd5 Nxd4 20. Bxd4 Bxd4 21. Rxd4 Ra5 22. Bd3 Qd8 23. Rc4 Rc5 24. b4 axb3 25. axb3 Qf6 26. Kf2 O-O 27. b4 Rxc4 28. Qxc4 Ra8 29. Be2 Ra3 30. Qxc7 Qd4+ 31. Kg3 Ra2 32. Qxd7 Rxe2 33. Kh3 Qf2 34. Rh2 Re3 35. Qd8+ Kg7 36. Qxd6 Rb3 37. Qe5+ Kg8 38. d6 Rd3 39. Qe8+ Kg7 40. Qe5+ Kg8 41. Rh1 Rxf3+ 42. gxf3 Qxf3+ 43. Kh2 Qf2+ 44. Kh3 Qf3+ 45. Kh2 Qf2+ 46. Kh3 Qf3+ 1/2-1/2


[Site "https://www.chess.com"]

[Event "Titled Tuesday Blitz November 9 2021"]
[White "Erdogmus, Yagiz Kaan"]
[Black "Tari, Aryan"]
[WhiteFideId "44599790"]
[BlackFideId "1510045"]
[WhiteElo "1783"]
[BlackElo "2656"]
[Result "0-1"]
[Round "04"]
[TimeControl "180+1"]
[Date "2021.11.09"]
[WhiteClock "0:00:13"]
[BlackClock "0:00:19"]

1. e4 c6 2. Nc3 d5 3. Nf3 g6 4. d4 dxe4 5. Nxe4 Nf6 6. Bd3 Bg7 7. c3 O-O 8. Be3 Nxe4 9. Bxe4 Nd7 10. Qd2 a5 11. a4 Nb6 12. Bd3 Be6 13. Bh6 Nc4 14. Bxc4 Bxc4 15. Ne5 Ba6 16. h4 Qd5 17. h5 Qe4+ 18. Qe3 Qxe3+ 19. Bxe3 Rfd8 20. hxg6 hxg6 21. f4 Rac8 22. Kf2 b6 23. g4 c5 24. dxc5 bxc5 25. Rad1 c4 26. Bb6 Rxd1 27. Rxd1 g5 28. Kg3 f6 29. Ng6 gxf4+ 30. Nxf4 e5 0-1


[Site "https://www.chess.com"]

[Event "Titled Tuesday Blitz November 9 2021"]
[White "FGHSMN"]
[Black "Manafov, Vugar"]
[BlackFideId "13410814"]
[WhiteElo "2676"]
[BlackElo "2277"]
[Result "0-1"]
[Round "04"]
[TimeControl "180+1"]
[Date "2021.11.09"]
[WhiteClock "0:00:08"]
[BlackClock "0:00:36"]

1. d4 Nf6 2. c4 e6 3. g3 Bb4+ 4. Nd2 O-O 5. Bg2 d6 6. Nf3 Nc6 7. O-O e5 8. d5 Ne7 9. a3 Bxd2 10. Bxd2 Ne4 11. b4 Nxd2 12. Nxd2 f5 13. Qb3 Kh8 14. e4 f4 15. c5 g5 16. Rac1 Bd7 17. b5 b6 18. cxd6 cxd6 19. Nc4 Rf6 20. Qb4 Bc8 21. f3 h5 22. Qb2 Ng6 23. Nd2 g4 24. Rc6 Bd7 25. Nc4 Qe7 26. Rc7 Rc8 27. Rxc8+ Bxc8 28. a4 h4 29. Qf2 fxg3 30. hxg3 gxf3 31. Bxf3 Bh3 32. Rc1 Qf7 33. Nd2 hxg3 34. Qxg3 Nf4 35. Qh4+ Kg7 36. Kf2 Nd3+ 37. Ke3 Nxc1 38. Qxh3 Qc7 39. Kf2 Qc5+ 40. Ke1 Nd3+ 41. Kd1 Nf2+ 0-1


[Site "https://www.chess.com"]

[Event "Titled Tuesday Blitz November 9 2021"]
[White "Gaehwiler, Gabriel"]
[Black "Cunjalo, Faris"]
[WhiteFideId "1314530"]
[BlackFideId "14410710"]
[WhiteElo "2320"]
[BlackElo "2263"]
[Result "0-1"]
[Round "04"]
[TimeControl "180+1"]
[Date "2021.11.09"]
[WhiteClock "0:00:06"]
[BlackClock "0:00:11"]

1. d4 e6 2. g3 b5 3. Bg2 d5 4. Nf3 Nf6 5. O-O Nbd7 6. Nbd2 Be7 7. b3 c5 8. dxc5 Nxc5 9. Bb2 O-O 10. Ne5 Bb7 11. c4 a6 12. Rc1 Rc8 13. Nd3 Nxd3 14. exd3 Qb6 15. Qe2 Rfd8 16. Rfd1 h6 17. h3 Qa5 18. Ra1 Qb6 19. Rac1 Ba8 20. a3 a5 21. Kh1 Bb7 22. Kh2 dxc4 23. dxc4 Bxg2 24. Kxg2 bxc4 25. Bxf6 Bxf6 26. bxc4 Qb2 27. Qe3 Bd4 28. Qb3 a4 29. Qxa4 Bxf2 30. Qc2 Qxc2 31. Rxc2 Be3 32. Kf3 Bxd2 33. Rdxd2 Rxd2 34. Rxd2 Rxc4 35. Ra2 Ra4 36. Ke3 g5 37. Kd3 f5 38. Kc3 Kf7 39. Kb3 Ra8 40. a4 Kf6 41. a5 f4 42. gxf4 gxf4 43. Kc4 Kf5 44. a6 Ra7 45. Kc5 e5 46. Kb6 Ra8 47. a7 f3 48. Kc5 Kf4 49. Kd5 e4 50. Kd4 e3 51. Ra6 e2 52. Rf6+ Kg3 0-1


[Site "https://www.chess.com"]

[Event "Titled Tuesday Blitz November 9 2021"]
[White "Golubka, Petro"]
[Black "Paravyan, David"]
[WhiteFideId "14114224"]
[BlackFideId "4194985"]
[WhiteElo "2392"]
[BlackElo "2639"]
[Result "0-1"]
[Round "04"]
[TimeControl "180+1"]
[Date "2021.11.09"]
[WhiteClock "0:01:15"]
[BlackClock "0:00:58"]

1. d4 Nf6 2. Bg5 d5 3. Nc3 Bf5 4. Qd2 Nbd7 5. f3 h6 6. Bh4 e6 7. a3 c5 8. e3 a6 9. g4 Bh7 10. Nh3 Rc8 11. Bg3 b5 12. Bd3 Bxd3 13. Qxd3 Nb6 14. dxc5 Bxc5 15. b3 Qe7 16. O-O Bxa3 17. g5 Nfd7 18. Qd4 Bb2 19. gxh6 Bxc3 20. hxg7 Bxd4 0-1


[Site "https://www.chess.com"]

[Event "Titled Tuesday Blitz November 9 2021"]
[White "Grachev, Boris"]
[Black "Maltsevskaya, Aleksandra"]
[WhiteFideId "4129199"]
[BlackFideId "24174041"]
[WhiteElo "2555"]
[BlackElo "2285"]
[Result "1-0"]
[Round "04"]
[TimeControl "180+1"]
[Date "2021.11.09"]
[WhiteClock "0:01:19"]
[BlackClock "0:00:01"]

1. d4 Nf6 2. Bf4 b6 3. e3 Bb7 4. c4 g6 5. Nc3 Bg7 6. h3 O-O 7. Nf3 d6 8. Be2 Nbd7 9. O-O Ne4 10. Bh2 e5 11. Nd5 exd4 12. exd4 Re8 13. Bd3 Ng5 14. Be2 Ne6 15. Rc1 Nf6 16. Nc3 Ne4 17. d5 Nxc3 18. bxc3 Nc5 19. Nd4 Qg5 20. Bf3 Re7 21. Rc2 Rae8 22. Re2 Ba6 23. Rxe7 Qxe7 24. Nb5 Bxb5 25. cxb5 Bxc3 26. Bf4 Qf6 27. Be3 h5 28. Qc1 Nd3 29. Qa3 Ne1 30. Bd1 Nd3 31. Qxa7 1-0


[Site "https://www.chess.com"]

[Event "Titled Tuesday Blitz November 9 2021"]
[White "Grischuk, Alexander"]
[Black "Vasquez Schroeder, Rodrigo"]
[WhiteFideId "4126025"]
[BlackFideId "3400042"]
[WhiteElo "2757"]
[BlackElo "2568"]
[Result "0-1"]
[Round "04"]
[TimeControl "180+1"]
[Date "2021.11.09"]
[WhiteClock "0:00:02"]
[BlackClock "0:00:14"]

1. e4 c5 2. Nc3 Nc6 3. Nf3 d6 4. d4 cxd4 5. Nxd4 Nf6 6. Bg5 e6 7. Qd2 Be7 8. O-O-O Nxd4 9. Qxd4 O-O 10. f4 Qa5 11. Bc4 Bd7 12. e5 dxe5 13. fxe5 Bc6 14. Bd2 Nd7 15. Nd5 Qd8 16. Nxe7+ Qxe7 17. Rhe1 Rfd8 18. Qg4 Nb6 19. Bf1 Rac8 20. Kb1 Rd5 21. Bg5 Qf8 22. Bd3 Nd7 23. Bf4 Nc5 24. Bc4 Rxd1+ 25. Rxd1 Be4 26. Be3 Bf5 27. Qd4 h6 28. g4 Bg6 29. h4 Qe7 30. h5 Bh7 31. Qd6 Qxd6 32. exd6 Nd7 33. Bb3 Be4 34. a4 b6 35. a5 Kf8 36. Rd4 Bc6 37. axb6 axb6 38. Rb4 b5 39. Kc1 Ke8 40. Kd2 Ne5 41. Bd4 Nf3+ 42. Ke3 Nxd4 43. Rxd4 Kd7 44. Rd2 Bb7 45. c3 Rc5 46. Rf2 f6 47. Rd2 Bd5 48. Bc2 Kxd6 49. Bd3 Kc6 50. b4 Rxc3 51. Kd4 Rb3 52. Rc2+ Kd6 53. Rc8 Rxb4+ 54. Ke3 Rxg4 0-1


[Site "https://www.chess.com"]